 Dungeon Crawl Stone Soup version 0.29-a0-330-g52719c12eb (webtiles) character file.

Game seed: 15332649645881499409

2697 HoaS the Archer (level 9, -8/48 HPs)
             Began as a Gargoyle Hunter on May 19, 2022.
             Was a Believer of Makhleb.
             Mangled by a wight
             ... wielding a +3 long sword
              (10 damage)
             ... on level 8 of the Dungeon.
             The game lasted 00:16:47 (7664 turns).

HoaS the Archer (Gargoyle Hunter)                   Turns: 7664, Time: 00:16:47

Health: -8/48      AC: 16    Str: 16    XL:     9   Next: 65%
Magic:  9/9        EV: 10    Int:  9    God:    Makhleb [**....]
Gold:   403        SH:  0    Dex: 22    Spells: 8/8 levels left

rFire   . . .      SeeInvis .   a - +2 shortbow (venom)
rCold   . . .      Faith    .   (shield currently unavailable)
rNeg    + . .      Spirit   .   x - +0 scale mail
rPois   ∞          Reflect  .   (no helmet)
rElec   +          Harm     .   (no cloak)
rCorr   .          Rampage  .   d - +2 pair of gloves
Will    .....                   w - +0 pair of boots "Ereileir" {Dex+5}
Stlth   +.........              (no amulet)
HPRegen 0.16/turn               (no ring)
MPRegen 0.11/turn               (no ring)

@: no status effects
A: sickness immunity, AC +6, negative energy resistance 1, electricity
resistance, torment resistance 1, petrification resistance
a: Renounce Religion, Minor Destruction


You were on level 8 of the Dungeon.
You worshipped Makhleb.
Makhleb was pleased with you.
You visited 2 branches of the dungeon, and saw 9 of its levels.

You collected 403 gold pieces.

Inventory:

Hand Weapons
 a - a +2 shortbow of venom (weapon)
Armour
 b - a +3 plate armour
 d - a +2 pair of gloves (worn)
 g - a +0 ring mail
 w - the +0 pair of boots "Ereileir" (worn) {Dex+5}
   (You found it on level 4 of the Dungeon)

   Dex:       It affects your dexterity (+5).
 x - a +0 scale mail (worn)
Wands
 q - a wand of digging (6)
 u - a wand of charming (12)
 y - a wand of flame (19)
 z - a wand of mindburst (8)
Scrolls
 c - 4 scrolls of immolation
 f - a scroll of summoning
 h - 2 scrolls of vulnerability
 k - a scroll of blinking
 r - 5 scrolls of teleportation
Potions
 e - 5 potions of curing
 i - 3 potions of mutation
 j - 2 potions of berserk rage
 l - a potion of resistance
 m - a potion of ambrosia {unknown}
 n - a potion of cancellation
 o - a potion of haste {unknown}
 p - a potion of flight
 s - a potion of might {unknown}
 t - a potion of invisibility
 v - a potion of attraction {unknown}


   Skills:
 - Level 2.1 Fighting
 + Level 13.4 Bows
 - Level 1.5 Dodging
 - Level 1.1 Stealth


You had 8 spell levels left.
You didn't know any spells.
Your spell library contained the following spells:

 Spells                   Type           Power      Damage    Failure   Level
 Sandblast                Erth           0%         2d4       83%         1
 Corpse Rot               Necr/Air       0%         N/A       93%         2
 Passwall                 Tmut/Erth      0%         N/A       93%         2
 Poisonous Vapours        Pois/Air       0%         N/A       93%         2
 Wereblood                Tmut           0%         N/A       93%         2
 Frozen Ramparts          Ice            0%         1d2       99%         3
 Portal Projectile        Hex/Tloc       0%         N/A       99%         3
 Stone Arrow              Conj/Erth      0%         3d7       99%         3
 Tukima's Dance           Hex            0%         N/A       99%         3
 Airstrike                Air            0%         N/A       100%        4
 Ice Form                 Ice/Tmut       0%         N/A       100%        4
 Passage of Golubria      Tloc           0%         N/A       100%        4
 Summon Ice Beast         Ice/Summ       0%         N/A       100%        4
 Summon Lightning Spire   Summ/Air       0%         N/A       100%        4
 Blade Hands              Tmut           0%         N/A       100%        5
 Excruciating Wounds      Necr           0%         N/A       100%        5
 Lightning Bolt           Conj/Air       0%         1d11      100%        5
 Yara's Violent Unravell  Hex/Tmut       0%         3d3       100%        5
 Summon Hydra             Summ           0%         N/A       100%        7
 Sublimation of Blood     Necr           Unusable   N/A       N/A         2

Dungeon Overview and Level Annotations

Branches:
Dungeon (8/15)             Temple (1/1) D:4
   Lair: D:8-11

Altars:
Ashenzari
Cheibriados
Dithmenos
Elyvilon
Fedhas
Gozag
Hepliaklqana
Kikubaaqudgha
Makhleb
Nemelex Xobeh
Okawaru
Qazlal
Ru
Sif Muna
Trog
Uskayaw
Vehumet
Wu Jian
Xom
Yredelemnul
Zin
The Shining One

Shops:
D:4 (

Annotations:
D:4 1 runed translucent door, Eustachio; initializr's ghost, amateur OgAE
D:6 2 transporters, p0werm0de's ghost, novice PaFi


Innate Abilities, Weirdness & Mutations

You are immune to sickness and miasma.
Your stone body is resilient. (AC +6)
You are immune to poison.
You resist negative energy. (rN+)
You are resistant to electric shocks. (rElec)
You are resistant to unholy torment.
You are immune to petrification.


Message History

Shoot: a) +2 shortbow (venom)
Press: ? - help, Q - select action, (/) - cycle Shift-Dir - straight line, f/p - wight
Aim: a wight, wielding a +3 long sword and wearing a +0 robe (moderately damaged, 71% to hit)
You shoot an arrow. The arrow barely misses the wight.
Shoot: a) +2 shortbow (venom)
Press: ? - help, Q - select action, (/) - cycle Shift-Dir - straight line, f/p - wight
Aim: a wight, wielding a +3 long sword and wearing a +0 robe (moderately damaged, 71% to hit)
You shoot an arrow. The arrow barely misses the wight.
Shoot: a) +2 shortbow (venom)
Press: ? - help, Q - select action, (/) - cycle Shift-Dir - straight line, f/p - wight
Aim: a wight, wielding a +3 long sword and wearing a +0 robe (moderately damaged, 71% to hit)
You shoot an arrow. The arrow closely misses the wight.
Shoot: a) +2 shortbow (venom)
Press: ? - help, Q - select action, (/) - cycle Shift-Dir - straight line, f/p - wight
Aim: a wight, wielding a +3 long sword and wearing a +0 robe (moderately damaged, 71% to hit)
You shoot an arrow.
The arrow hits the wight but does no damage.
The wight is moderately damaged.
Shoot: a) +2 shortbow (venom)
Press: ? - help, Q - select action, (/) - cycle Shift-Dir - straight line, f/p - wight
Aim: a wight, wielding a +3 long sword and wearing a +0 robe (moderately damaged, 71% to hit)
You shoot an arrow.
The arrow hits the wight but does no damage.
The wight is moderately damaged.
The wight completely misses you.
Shoot: a) +2 shortbow (venom)
Press: ? - help, Q - select action, (/) - cycle Shift-Dir - straight line, f/p - wight
Aim: a wight, wielding a +3 long sword and wearing a +0 robe (moderately damaged, 71% to hit)
You shoot an arrow. The arrow hits the wight.
The wight is heavily damaged.
The wight hits you with a +3 long sword.
* * * LOW HITPOINT WARNING * * *
Shoot: a) +2 shortbow (venom)
Press: ? - help, Q - select action, (/) - cycle Shift-Dir - straight line, f/p - wight
Aim: a wight, wielding a +3 long sword and wearing a +0 robe (heavily damaged, 71% to hit)
You shoot an arrow.
The arrow hits the wight but does no damage.
The wight is heavily damaged.
The wight hits you with a +3 long sword!
You die...

.'.......<)).....................
##.........####...###########...#
##.......## ##z## #..## ##.....##
#.# #)### ##...## #.# #.... ##)##
#.# ####. #.# #.# #. #.. #z# #.
.... #@# #. ............# #.
.....######## ## .....#


You could see 2 wights.

Vanquished Creatures
  Joseph (D:7)
  A steam dragon (D:6)
  2 orc warriors (D:8)
  2 ice beasts
  A centaur (D:6)
  A kobold brigand (D:6)
  Blork the orc (D:4)
  3 bullfrogs (D:7)
  A necrophage (D:6)
  3 scorpions
  6 wights
  5 hounds
  2 jellies
  4 orc priests
  Jessica (D:3)
  2 iguanas
  9 orc wizards
  12 adders
  A shadow imp (D:7)
  A white imp (D:6)
  4 ufetubi
  3 worms
  3 dart slugs
  25 orcs
  3 ball pythons
  9 endoplasms
  4 giant cockroaches
  6 goblins
  10 hobgoblins
  7 jackals
  5 quokkas
  5 bats
  5 frilled lizards
  11 kobolds
  2 rats
161 creatures vanquished.

Vanquished Creatures (others)
  13 plants (D:1)
13 creatures vanquished.

Grand Total: 174 creatures vanquished

Notes
Turn   | Place    | Note
-------+----------+-------------------------------------------
     0 | D:1      | HoaS the Gargoyle Hunter began the quest for the Orb.
     0 | D:1      | Reached XP level 1. HP: 12/12 MP: 1/1
   205 | D:1      | Reached XP level 2. HP: 17/17 MP: 2/2
   993 | D:1      | Reached XP level 3. HP: 19/21 MP: 3/3
  1013 | D:1      | Found a faded altar of an unknown god.
  1015 | D:1      | Reached skill level 5 in Bows
  1504 | D:2      | Reached XP level 4. HP: 22/26 MP: 4/4
  1903 | D:3      | Reached skill level 6 in Bows
  2029 | D:3      | Reached XP level 5. HP: 30/30 MP: 5/5
  2038 | D:3      | Noticed Jessica
  2045 | D:3      | Killed Jessica
  2058 | D:3      | Found the +4 dagger "Morg" {pain, Will+ Int+5}
  2529 | D:3      | Identified the +1 scale mail "Nesupopp" {+Blink rCorr Str+6
                  | Dex-3}
  2634 | D:4      | Reached skill level 7 in Bows
  2675 | D:4      | Found a staircase to the Ecumenical Temple.
  2685 | Temple   | Entered the Ecumenical Temple
  2756 | Temple   | Became a worshipper of Makhleb the Destroyer
  2834 | D:4      | Noticed Blork the orc
  2842 | D:4      | Killed Blork the orc
  2843 | D:4      | Reached XP level 6. HP: 35/35 MP: 6/6
  2862 | D:4      | Found a runed translucent door.
  3001 | D:4      | Found Viech's Antique Weapon Boutique.
  3071 | D:4      | Reached skill level 8 in Bows
  3111 | D:4      | Reached XP level 7. HP: 40/40 MP: 7/7
  3399 | D:4      | Identified the +0 pair of boots "Ereileir" {Dex+5}
  3417 | D:4      | Noticed Eustachio
  3430 | D:5      | Entered Level 5 of the Dungeon
  3498 | D:5      | Reached skill level 9 in Bows
  3546 | D:5      | Reached * piety under Makhleb
  3831 | D:5      | Identified the +5 rapier of Spores {distort, rElec rN+
                  | rCorr Str+3}
  4097 | D:6      | Reached XP level 8. HP: 32/44 MP: 8/8
  4464 | D:4      | Noticed initializr's ghost (amateur OgAE)
  4747 | D:6      | Reached skill level 10 in Bows
  5058 | D:6      | Found a glowing silver altar of Zin.
  5081 | D:6      | Noticed p0werm0de's ghost (novice PaFi)
  5082 | D:6      | Noticed a wraith
  5102 | D:6      | Found a transporter.
  5111 | D:6      | Found a transporter.
  5129 | D:6      | Reached skill level 11 in Bows
  6133 | D:7      | Reached XP level 9. HP: 48/48 MP: 9/9
  6176 | D:7      | Reached skill level 12 in Bows
  6193 | D:7      | HP: 1/48 [wight/+4 great sword (9)]
  6484 | D:7      | Noticed Joseph
  6502 | D:7      | Killed Joseph
  6502 | D:7      | Reached ** piety under Makhleb
  7090 | D:8      | Reached skill level 13 in Bows
  7624 | D:8      | HP: 2/48 [gnoll/+0 spear (6)]
  7663 | D:8      | HP: 2/48 [wight/+3 long sword (6)]
  7664 | D:8      | Mangled by a wight

Illustrated notes

Levels and vault maps discovered:
D:1:      dpeg_arrival_pits, layout_basic, dilly_ecumenical_altar_fadedgnrine
D:2:      layout_basic, minmay_tree_intersection
D:3:      layout_loops_ring, minmay_misc_feat_plants, hangedman_feature_mirror,
          serial_park_tiny_pond, uniq_jessica
D:4:      layout_loops_corners, temple_statues, serial_shops,
          nicolae_shop_hallway_stairs, ebering_ghost_reflecting_pool,
          uniq_blork_the_orc, uniq_eustachio
D:5:      layout_rooms
D:6:      layout_rooms, old_standard_altar, gammafunk_ghost_arena
D:7:      layout_basic, corexii_corridor_pit, uniq_joseph
D:8:      layout_loops_corners, uniq_maurice
Temple:   dpeg_three_leaves_temple

Skill      XL: |  1  2  3  4  5  6  7  8  9 |
---------------+----------------------------+-----
Bows           | 5 6 7 8 9 11 13 | 13.4
Fighting       | |  2.1
Dodging        | |  1.5
Stealth        | |  1.1

Action                   |  1- 3 |  4- 6 |  7- 9 || total
-------------------------+-------+-------+-------++-------
Melee: Unarmed           |       |       |     3 ||     3
 Fire: Shortbow          |   115 |   161 |   312 ||   588
  Use: Scroll            |     5 |     5 |    12 ||    22
       Potion            |       |       |     2 ||     2
Armor: Leather armour    |    32 |    37 |    12 ||    81
       Scale mail        |       |       |    71 ||    71
       Skin              |       |       |     1 ||     1
Dodge: Dodged            |    34 |    25 |    72 ||   131

Table legend: (Time is in decaauts)
 A = Elapsed time spent in this place.
 B = Non-inter-level travel time spent in this place.
 C = Inter-level travel time spent in this place.
 D = Time resting spent in this place.
 E = Time spent auto-exploring this place.
 F = Levels seen in this place.
 G = Mean time per level.
                   A        B        C        D        E       F      G
               +--------+--------+--------+--------+--------+-----+--------+
         Total |   7784 |   7266 |    518 |   1918 |   4121 |   9 |  864.9 |
       Dungeon |   7703 |   7193 |    510 |   1918 |   4066 |   8 |  962.9 |
        Temple |     80 |     72 |      8 |      0 |     55 |   1 |   80.0 |
               +--------+--------+--------+--------+--------+-----+--------+

Top non-repeatable levels by time:
     D:7: 1324 daAuts
     D:1: 1232 daAuts
     D:5: 1184 daAuts
     D:4: 1028 daAuts
     D:6: 898 daAuts
     D:3: 801 daAuts
     D:2: 647 daAuts
     D:8: 587 daAuts
  Temple: 80 daAuts
